Cogmind - Beta 13 @@@ ROGUE MODE // 2024.06.05 @ 17:48:56 Player: Minty Result: Destroyed by Y-54 Guardian with Flak Gun Performance ------------- Evolutions (1) 500 Regions Visited (5) 1000 Robots Destroyed (30) 150 Value Destroyed (791) 791 Prototype IDs (2) 40 Alien Tech Used (0) 0 Bonus (1797) 1797 TOTAL SCORE: 4278 Bonus ------- High Alert Combat Kills 16 Follower Combat Kills 203 Awakened Behemoth Slayer 1000 Met Imprinter 300 Was Imprinted 300 Friendly Fire -22 Cogmind --------- Core Integrity 0/400 Matter 267/300 Energy 98/100 System Corruption 17% Temperature Cool (6) Movement Core (50) Location -6/Proximity Caves Parts ------- > --- POWER (1) -------- (None) > --- PROPULSION (3) --- Flexi-carbon Leg > --- UTILITY (3) ------ (None) > --- WEAPON (2) ------- (None) > --- INVENTORY (5) ---- Bomb Factory No. 2 Heavy Particle Cannon Heavy Particle Cannon CR-A16's Behemoth Slayer Peak State ------------ > --- POWER ------------ Improved Deuterium Engine > --- PROPULSION ------- Carbon-fiber Leg Flexi-carbon Leg Flexi-carbon Leg > --- UTILITY ---------- Small Storage Unit Bomb Factory No. 2 > --- WEAPON ----------- Gatling Laser Gauss Rifle > --- INVENTORY -------- Medium Matter Pod Heavy Riot Gun Heavy Riot Gun Heavy Particle Cannon Heavy Particle Cannon CR-A16's Pointy Stick [Rating: 39] Favorites ----------- Power Light Ion Engine Engine Light Ion Engine Propulsion Flight Unit Leg Flexi-carbon Leg Wheel Armored Wheel Flight Unit Flight Unit Utility Improved Targeting Computer Device Bomb Factory No. 2 Storage Small Storage Unit Processor Improved Targeting Computer Weapon High-powered Shotgun Energy Gun Gatling Laser Energy Cannon Heavy Particle Cannon Ballistic Gun High-powered Shotgun Ballistic Cannon Light Cannon Piercing Weapon CR-A16's Pointy Stick Build | -11 -10 -9 -9 -7 -6 ------- Run | Yrd Mat Mat Min Zio Pro Slots Evolved 2 | . . 2 . . . Power . | . . . . . . Propulsion 1 | . . 1 . . . Utility 1 | . . 1 . . . Weapon . | . . . . . . Parts Attached 51 | . 7 24 2 . 18 Power 7 | . 1 2 . . 4 Engine 7 | . 1 2 . . 4 Core . | . . . . . . Reactor . | . . . . . . Propulsion 15 | . 2 9 . . 4 Treads . | . . . . . . Leg 5 | . . 2 . . 3 Wheel 4 | . . 4 . . . Hover . | . . . . . . Flight 6 | . 2 3 . . 1 Utility 4 | . 2 1 . . 1 Device 1 | . . . . . 1 Storage 1 | . . 1 . . . Processor 2 | . 2 . . . . Hackware . | . . . . . . Protection . | . . . . . . Artifact . | . . . . . . Weapon 25 | . 2 12 2 . 9 Energy Gun 6 | . . 3 . . 3 Energy Cannon 2 | . . 2 . . . Ballistic Gun 14 | . 2 5 2 . 5 Ballistic Cannon 2 | . . 2 . . . Launcher . | . . . . . . Special Weapon . | . . . . . . Impact Weapon . | . . . . . . Slashing Weapon . | . . . . . . Piercing Weapon 1 | . . . . . 1 Special Melee Weapon . | . . . . . . Unidentified Prototypes 1 | . . . . . 1 Corrupted Parts 4 | . . . . . 4 System Corruption 16 | . . . . . 16 Parts Lost 4 | . . . . . 4 Power 1 | . . . . . 1 Propulsion 3 | . . . . . 3 Utility . | . . . . . . Weapon . | . . . . . . Highest Loss Streak 2 | . . . . . 2 To Critical Strikes . | . . . . . . Average Slot Usage (%) 87 | . 84 97 96 88 80 Engine 10 | . 12 11 11 11 9 Leg 9 | . 13 5 . . 16 Wheel 2 | . . 9 . . . Flight 18 | . 14 17 33 33 10 Device 1 | . . . . . 2 Storage 9 | . 6 10 11 11 9 Processor 17 | . 8 22 22 22 12 Energy Gun 3 | . . . . . 8 Energy Cannon 1 | . . 8 . . . Ballistic Gun 12 | . 28 8 18 11 9 Naked Turns . | . . . . . . Heaviest Build 53 | 11 11 22 14 11 53 Greatest Support 55 | 20 20 32 12 12 55 Greatest Overweight (x) 2 | . 2 2 1 . 2 Average Overweight (x) . | . . . . . . Largest Inventory Capacity 8 | . 8 8 8 8 8 Average Capacity 7 | . 6 7 8 8 7 Most Carried 8 | . 8 8 8 8 8 Average Carried 7 | . 5 7 7 7 7 Final Capacity 8 | 8 5 8 8 8 5 Final Carried 8 | 6 5 7 8 8 5 Class Distribution -------------------- 68% | Mutant 31% | Scavenger-Mutant Dominant Class ---------------- Mutant | -10/Materials Mutant | -9/Materials Mutant | -9/Mines Mutant | -7/Zion Scavenger-Mutant | -6/Proximity Caves Resources | -11 -10 -9 -9 -7 -6 ----------- Run | Yrd Mat Mat Min Zio Pro Matter Collected 1067 | 200 116 320 35 26 370 Remotely . | . . . . . . Salvage Created 893 | . 200 428 17 . 248 Parts 52 | . 11 32 1 . 8 Haulers Intercepted 1 | . . 1 . . . Recyclers Shooed 1 | . . . 1 . . Parts Field Recycled . | . . . . . . Retrieved Matter . | . . . . . . Parts Self-Destructed 14 | . . . . . 14 Prevented 7 | . . . . . 7 Kills | -11 -10 -9 -9 -7 -6 ------- Run | Yrd Mat Mat Min Zio Pro Combat Hostiles Destroyed 24 | . 5 13 . . 6 Guns 18 | . 5 7 . . 6 Cannons 5 | . . 5 . . . AOE 1 | . . 1 . . . Classes Destroyed 11 | . 1 6 1 . 3 Worker 1 | . . 1 . . . Tunneler 1 | . . . 1 . . Hauler 1 | . . 1 . . . Recycler 1 | . . 1 . . . Operator 1 | . . 1 . . . Watcher 1 | . . 1 . . . Swarmer 10 | . . 7 . . 3 Grunt 11 | . 5 6 . . . Brawler 1 | . . . . . 1 Sentry 1 | . . . . . 1 Programmer 1 | . . . . . 1 Best Kill Streak 6 | . 2 6 1 . 3 Combat Bots Only 6 | . 2 6 . . 3 Max Kills in Single Turn 2 | . 1 2 1 . 1 Gunslinging 1 | . . 1 . . . Exploded 1 | . . 1 . . . Melee . | . . . . . . Uniques/NPCs Destroyed . | . . . . . . Combat | -11 -10 -9 -9 -7 -6 -------- Run | Yrd Mat Mat Min Zio Pro Hostile Shots Fired 153 | . 23 50 . . 80 Missed 56 | . 10 16 . . 30 Damage Taken 1661 | . 186 323 . . 1152 Core 464 | . 60 48 . . 356 Absorbed by Shields . | . . . . . . Core Remaining (%) 88 | 100 76 . . . . Volleys Fired 62 | . 19 22 3 . 18 Largest 2 | . 2 2 2 . 2 Hottest 150 | . 46 150 50 . 108 Shots Fired 111 | . 38 42 5 . 26 Gun 89 | . 38 20 5 . 26 Cannon 22 | . . 22 . . . Launcher . | . . . . . . Special . | . . . . . . Kinetic 87 | . 38 24 5 . 20 Thermal 22 | . . 16 . . 6 Explosive . | . . . . . . Electromagnetic 2 | . . 2 . . . Robot Hit Streak 7 | . 7 7 4 . 7 Robot Miss Streak 4 | . 3 4 4 . 4 Penetration Max . | . . . . . . Secondary Targets 4 | . . 2 . . 2 Max Gunslinging Chain 1 | . . 1 . . 1 Shots Hit Robots 82 | . 25 31 3 . 23 Core Hits 47 | . 13 20 1 . 13 Critical Kills . | . . . . . . Critical Parts Destroyed 1 | . . 1 . . . Critical Strikes 2 | . . 2 . . . Destroy 1 | . . 1 . . . Blast 1 | . . 1 . . . Melee Attacks 9 | . . . . . 9 Impact . | . . . . . . Slashing . | . . . . . . Piercing 9 | . . . . . 9 Sneak Attacks . | . . . . . . Combat Hostiles . | . . . . . . Follow-up Attacks . | . . . . . . Damage Inflicted 1889 | . 301 975 61 . 552 Guns 1132 | . 301 317 61 . 453 Cannons 295 | . . 295 . . . Explosions 363 | . . 363 . . . Melee 99 | . . . . . 99 Ramming . | . . . . . . Kinetic 1045 | . 301 376 61 . 307 Thermal 346 | . . 200 . . 146 Explosive 363 | . . 363 . . . Electromagnetic 36 | . . 36 . . . Impact . | . . . . . . Slashing . | . . . . . . Piercing 99 | . . . . . 99 Highest Corruption 17 | . . . . . 17 Average Corruption 12 | . . . . . 12 Corruption Purged . | . . . . . . Corruption Blocked . | . . . . . . Effects 23 | . . . . . 23 Message Errors 7 | . . . . . 7 Matter Fused 2 | . . . . . 2 Heat Flow Errors 2 | . . . . . 2 Energy Discharges 1 | . . . . . 1 Data Loss (minor) 4 | . . . . . 4 Data Loss (major) 4 | . . . . . 4 Alerts 2 | . . . . . 2 Misdirections 1 | . . . . . 1 Overload Shots . | . . . . . . Overflow Damage 15 | . . 15 . . . Projectiles 10 | . . 10 . . . Explosions 5 | . . 5 . . . Melee . | . . . . . . Knockbacks 1 | . . 1 . . . Impact . | . . . . . . Kinetic 1 | . . 1 . . . Secondary . | . . . . . . Self-Inflicted Damage . | . . . . . . Shots . | . . . . . . Rammed . | . . . . . . Targets Rammed . | . . . . . . Kicked . | . . . . . . Crushed . | . . . . . . Highest Temperature 336 | . 18 336 . . 220 Average Temperature 85 | . 8 100 . . 88 Received Heat Transfer 366 | . 99 105 . . 162 Effects 3 | . . 3 . . . Interference 3 | . . 3 . . . Siege Activations . | . . . . . . Robots Corrupted . | . . . . . . Combat Hostiles . | . . . . . . Parts Fried . | . . . . . . Impact Corruptions . | . . . . . . Robots Melted . | . . . . . . Combat Hostiles . | . . . . . . Parts Melted 1 | . . 1 . . . Heat Transferred 621 | . . 296 . . 325 Parts Sabotaged . | . . . . . . Parts Stolen . | . . . . . . Parts Stripped . | . . . . . . Power Chain Reactions . | . . . . . . Alert | -11 -10 -9 -9 -7 -6 ------- Run | Yrd Mat Mat Min Zio Pro Peak Influence 491 | . 135 491 196 . . Initial 191 | . . 56 191 . . Average 182 | . 75 226 193 . . Maximum Alert Level 2 | . . 2 . . . Low Security (%) 75 | . 100 55 100 . . Level 1 10 | . . 19 . . . Level 2 13 | . . 24 . . . Level 3 . | . . . . . . Level 4 . | . . . . . . Level 5 . | . . . . . . High Security . | . . . . . . Max Security . | . . . . . . Squads Dispatched 2 | . 1 1 . . . Investigation . | . . . . . . Extermination . | . . . . . . Reinforcement 2 | . 1 1 . . . Assault . | . . . . . . Garrison . | . . . . . . Intercept . | . . . . . . Searches Triggered . | . . . . . . Construction Impeded . | . . . . . . Haulers Reinforced . | . . . . . . Active Scanning Responses . | . . . . . . Cargo Convoy Interrupts . | . . . . . . Stealth | -11 -10 -9 -9 -7 -6 --------- Run | Yrd Mat Mat Min Zio Pro Distress Signals 2 | . . 2 . . . Communications Jammed . | . . . . . . Distress Signals . | . . . . . . Times Spotted 38 | . 9 17 . . 12 Peak Tracking Total 9 | . 4 9 . . 3 Tactical Retreats 1 | . . . . . 1 Traps | -11 -10 -9 -9 -7 -6 ------- Run | Yrd Mat Mat Min Zio Pro Traps Triggered . | . . . . . . Indirectly . | . . . . . . Trap Hack Attempts . | . . . . . . Triggered . | . . . . . . Disarmed . | . . . . . . Reprogrammed . | . . . . . . Reused . | . . . . . . Traps Extracted . | . . . . . . Installed . | . . . . . . Triggered . | . . . . . . Objects Rigged 2 | . . 2 . . . Exploded 1 | . . 1 . . . Machines | -11 -10 -9 -9 -7 -6 ---------- Run | Yrd Mat Mat Min Zio Pro Machines Disabled 3 | . . 3 . . . Max in Single Turn 2 | . . 2 . . . Machines Repaired . | . . . . . . Machines Dismantled . | . . . . . . Machines Sabotaged . | . . . . . . Overloaded Fab Kills . | . . . . . . Hacking | -11 -10 -9 -9 -7 -6 --------- Run | Yrd Mat Mat Min Zio Pro Machines Accessed 4 | . 1 2 . 1 . Terminals 2 | . . 2 . . . Fabricators . | . . . . . . Repair Stations . | . . . . . . Recycling Units 1 | . 1 . . . . Scanalyzers . | . . . . . . Garrison Access . | . . . . . . Total Hacks 13 | . 1 7 . 5 . Successful 8 | . 1 2 . 5 . Failed 5 | . . 5 . . . Catastrophic . | . . . . . . Database Lockouts . | . . . . . . Manual 5 | . . 5 . . . Terminals 7 | . . 7 . . . Fabricators . | . . . . . . Repair Stations . | . . . . . . Recycling Units 1 | . 1 . . . . Scanalyzers . | . . . . . . Garrison Access . | . . . . . . Terminal Hacks 6 | . . 1 . 5 . Part Schematic 5 | . . . . 5 . Alert Level 1 | . . 1 . . . Fabricator Hacks . | . . . . . . Repair Station Hacks . | . . . . . . Recycling Unit Hacks 1 | . 1 . . . . Retrieve Components 1 | . 1 . . . . Scanalyzer . | . . . . . . Garrison Access Hacks . | . . . . . . Unauthorized Hacks 1 | . . 1 . . . Terminals 1 | . . 1 . . . Detonate 1 | . . 1 . . . Fabricators . | . . . . . . Repair Stations . | . . . . . . Recycling Units . | . . . . . . Scanalyzers . | . . . . . . Garrison Access . | . . . . . . Data Cores Recovered . | . . . . . . Used . | . . . . . . Hacking Detections 2 | . . 2 . . . Full Trace Events . | . . . . . . Feedback Events . | . . . . . . Feedback Blocked . | . . . . . . Robot Schematics Acquired . | . . . . . . Robots Built . | . . . . . . Authchips . | . . . . . . Time . | . . . . . . Total Robot Build Rating . | . . . . . . Part Schematics Acquired 5 | . . . . 5 . Parts Built . | . . . . . . Authchips . | . . . . . . Time . | . . . . . . Total Part Build Rating . | . . . . . . Parts Repaired . | . . . . . . Time . | . . . . . . Parts Recycled . | . . . . . . Recycled Matter . | . . . . . . Retrieved Matter . | . . . . . . Retrieved Components 1 | . 1 . . . . Parts Scanalyzed . | . . . . . . Part Schematics Acquired . | . . . . . . Parts Damaged . | . . . . . . Bothacking | -11 -10 -9 -9 -7 -6 ------------ Run | Yrd Mat Mat Min Zio Pro Used RIF Installer . | . . . . . . Robots Hacked . | . . . . . . Non-combat . | . . . . . . Combat . | . . . . . . Robot Hacks Applied . | . . . . . . Relay Couplers Released . | . . . . . . Fabnet Peak Effective % . | . . . . . . Robots Rewired . | . . . . . . Allies Hacked . | . . . . . . Hacks Repelled . | . . . . . . Allies | -11 -10 -9 -9 -7 -6 -------- Run | Yrd Mat Mat Min Zio Pro Total Allies 4 | . . . . 4 . Largest Group 4 | . . . . 4 4 Highest-Rated Group 155 | . . . . 155 155 Highest-Rated Ally 39 | . . . . 39 39 Total Orders . | . . . . . . Ally Attacks 34 | . . . . . 34 Total Damage 1007 | . . . . . 1007 Kills 9 | . . . . . 9 Allies Corrupted . | . . . . . . Allies Melted . | . . . . . . Intel | -11 -10 -9 -9 -7 -6 ------- Run | Yrd Mat Mat Min Zio Pro Robot Analysis Total . | . . . . . . Derelict Logs Recovered 1 | . . . . . 1 Drone Launches . | . . . . . . Drone Recoveries . | . . . . . . Exploration | -11 -10 -9 -9 -7 -6 ------------- Run | Yrd Mat Mat Min Zio Pro Turns Passed 1620 | . 172 381 122 318 627 Spaces Moved 1784 | 1 135 271 175 729 473 Core 106 | . . . . . 106 Treads . | . . . . . . Legs 389 | 1 33 38 . . 317 Wheels 85 | . . 85 . . . Hover . | . . . . . . Flight 1204 | . 102 148 175 729 50 Fastest Speed 34 | 120 37 34 34 34 34 Average Speed 68 | 120 71 98 61 34 105 Slowest Speed 260 | 120 200 260 114 34 200 Overloaded Moves . | . . . . . . Propulsion Burnouts . | . . . . . . Robots Hopped 6 | . . 2 4 . . Cave-ins Triggered . | . . . . . . Exploration Rate (%) 40 | 2 26 27 61 86 38 Regions Visited 5 Branch Regions 3 Pre-discovered Areas . | . . . . . . Known Exits Taken . | . . . . . . Unknown Exits Taken 5 | 1 1 1 1 1 . Scrap Searched 2 | . . . 1 1 . Spaces Dug . | . . . . . . Terrain Destroyed 26 | . . 26 . . . Melee . | . . . . . . Projectile 5 | . . 5 . . . AOE 21 | . . 21 . . . Terrain Rammed . | . . . . . . Walls Destroyed . | . . . . . . Machines Disabled . | . . . . . . Actions | -11 -10 -9 -9 -7 -6 --------- Run | Yrd Mat Mat Min Zio Pro Total 2069 | . 180 349 179 800 561 Wait 91 | . . 2 1 65 23 Move 1767 | . 134 266 166 728 473 Hop 6 | . . 2 4 . . Pick Up 23 | . 5 11 1 3 3 Fast Attach 22 | . 5 9 . . 8 Attach 7 | . . 6 . . 1 Detach 12 | . 3 5 1 . 3 Swap 22 | . 2 9 2 . 9 Drop 48 | . 12 17 1 4 14 Fire 62 | . 19 22 3 . 18 Melee 9 | . . . . . 9 Ram . | . . . . . . Kick . | . . . . . . Crush . | . . . . . . Escape Stasis . | . . . . . . Rewire . | . . . . . . Trap . | . . . . . . Miscellaneous . | . . . . . . Route ------- -11/Scrapyard -10/Materials -9/Materials (discovered 2 exits: [*Min] / [*Sto]) -9/Mines (discovered 2 exits: [*Mat] / *Zio) -7/Zion (discovered 2 exits: Dee / [*Pro]) -6/Proximity Caves History --------- Turn | Location | Event 1 | -11/Scrapyard | Discovered new exit (range 0) 1 | -11/Scrapyard | Entered Materials 114 | -10/Materials | Discovered new exit (range 16) 173 | -10/Materials | Entered another Materials area 173 | -9/Materials | Evolved 2 slots: Propulsion x1, Utility x1 332 | -9/Materials | Build established: Mutant 457 | -9/Materials | Discovered new exit (range 16) 488 | -9/Materials | Discovered new exit (range 6) 554 | -9/Materials | Entered Mines 573 | -9/Mines | A weapon hastily lodged in a ceiling crevice suddenly fell to the ground 635 | -9/Mines | Discovered new exit (range 12) 657 | -9/Mines | A Derelict revealed a hidden shortcut to a safe place 676 | -9/Mines | Entered Zion 694 | -7/Zion | Discovered new exit (range 11) 725 | -7/Zion | Given A8's code to call for help 773 | -7/Zion | Imprinted 775 | -7/Zion | Declared Zion's savior 806 | -7/Zion | Given the Hacking Drone Bay 808 | -7/Zion | Found Prototype Device 834 | -7/Zion | Found Prototype Device 851 | -7/Zion | Identified exit to Deep Caves 857 | -7/Zion | Acquired unknown access codes intercepted by a Zionite 858 | -7/Zion | Found CR-A16's Pointy Stick 994 | -7/Zion | Entered Proximity Caves 994 | -6/Proximity Caves | Accompanied by 4 allies 1042 | -6/Proximity Caves | Attracted the attention of an 0b10 checkpoint 1098 | -6/Proximity Caves | System corruption reached 10% 1342 | -6/Proximity Caves | Build established: Scavenger-Mutant 1361 | -6/Proximity Caves | Identified Bomb Factory No. 2 1431 | -6/Proximity Caves | Learned 4 Factory zone layouts 1484 | -6/Proximity Caves | Spotted B-75 Beast 1533 | -6/Proximity Caves | Revealed the true nature of CR-A16's Pointy Stick 1534 | -6/Proximity Caves | Core integrity fell below 50% 1544 | -6/Proximity Caves | Core integrity fell below 20% 1621 | -6/Proximity Caves | Spotted B-75 Beast 1621 | -6/Proximity Caves | Destroyed by Y-54 Guardian with Flak Gun Last Messages --------------- 01514_ Knocked back. 01530_ System corrupted: Component data lost. 01532_ Dropped Gauss Rifle. CR-A16's Pointy Stick's crusty surface crumbles away to reveal its sleek core, which hums to life. 01533_ Flexi-carbon Leg blasted off. 01533_ Knocked back. 01536_ Imp. Deuterium Engine destroyed. 01536_ Carbon-fiber Leg destroyed. 01536_ Knocked back. 01539_ CR-A16's Behemoth Slayer blasted off. 01539_ Knocked back. 01547_ PFL,NPCOP5MUVH=IVX6S/